 Dungeon Crawl Stone Soup version 0.28-a0-1389-gc726bef33b (webtiles) character file.

Game seed: 16622320588253744487

898 Grim the Ruffian (level 7, -3/71 HPs)
             Began as a Troll Fighter on Jan 3, 2022.
             Slain by Duvessa (22 damage)
             ... on level 5 of the Dungeon.
             The game lasted 00:06:29 (3723 turns).

Grim the Ruffian (Troll Fighter)                    Turns: 3723, Time: 00:06:29

Health: -3/71      AC:  5    Str: 25    XL:     7   Next: 79%
Magic:  6/6        EV: 10    Int:  6    God:
Gold:   137        SH:  0    Dex: 15    Spells: 6/6 levels left

rFire   . . .      SeeInvis .     - Unarmed
rCold   . . .      Faith    .   (no shield)
rNeg    + . .      Spirit   .   l - +1 robe {Will+}
rPois   .          Reflect  .   (helmet restricted)
rElec   .          Harm     .   (no cloak)
rCorr   .          Rampage  .   (gloves unavailable)
Will    +....                   (boots unavailable)
Stlth   +.........              (no amulet)
HPRegen 1.01/turn               f - +6 ring of dexterity
MPRegen 0.10/turn               i - ring of positive energy

@: no status effects
A: large, unfitting armour, claws 3, regeneration 1, shaggy fur 1, tough skin 1
a: no special abilities


You were on level 5 of the Dungeon.
You visited 1 branch of the dungeon, and saw 5 of its levels.

You collected 137 gold pieces.

Inventory:

Missiles
 o - 4 poisoned darts (quivered)
 q - a throwing net
Armour
 a - a +0 robe
 l - a +1 robe of willpower (worn)
Jewellery
 f - a +6 ring of dexterity (left claw)
 i - a ring of positive energy (right claw)
 m - a ring of resist corrosion
 p - a +4 ring of protection
Wands
 j - a wand of flame (22)
Scrolls
 b - 2 scrolls of teleportation {unknown}
 d - 3 scrolls of identify {unknown}
 e - 2 scrolls of blinking {unknown}
 n - a scroll of noise {unknown}
Potions
 c - a potion of ambrosia
 g - a potion of heal wounds {unknown}
 h - a potion of curing {unknown}


   Skills:
 * Level 4.9 Fighting
 - Level 2.4 Dodging
 - Level 2.4 Shields
 * Level 7.4 Unarmed Combat
 + Level 0.5 Invocations


You had 6 spell levels left.
You didn't know any spells.
Your spell library contained the following spells:

 Spells                   Type           Power      Damage    Failure   Level
 Corpse Rot               Necr/Air       0%         N/A       58%         2
 Ensorcelled Hibernation  Hex/Ice        0%         N/A       58%         2
 Poisonous Vapours        Pois/Air       0%         N/A       58%         2
 Sublimation of Blood     Necr           0%         N/A       58%         2
 Wereblood                Tmut           0%         N/A       58%         2
 Confusing Touch          Hex            0%         N/A       83%         3
 Summon Guardian Golem    Hex/Summ       0%         N/A       83%         3
 Tukima's Dance           Hex            0%         N/A       83%         3
 Yara's Violent Unravell  Hex/Tmut       0%         3d3       100%        5
 Enfeeble                 Hex            0%         N/A       100%        7
 Orb of Destruction       Conj           0%         N/A       100%        7
 Spellforged Servitor     Conj/Summ      0%         N/A       100%        7
 Summon Hydra             Summ           0%         N/A       100%        7


Dungeon Overview and Level Annotations

Branches:
Dungeon (5/15)
 Temple: D:4-7

Altars:
Ashenzari
The Shining One

Shops:
D:3 [

Annotations:
D:5 Duvessa


Innate Abilities, Weirdness & Mutations

You are too large for most types of armour.
You have claws for hands.
Your natural rate of healing is unusually fast.
You are covered in fur. (AC +1)
You have tough skin. (AC +1)


Message History

Dowan is severely wounded.
Dowan barely misses you.
You mangle Dowan!!
You kill Dowan!
You hear a distant scream of rage.
No target in view!
You start resting.
You hear the rusting of a very distant drain.
You start waiting.
You hear the brisk rusting of a very distant drain.
j - a wand of flame (22) (gained 15 charges)
Things that are here:
a +0 dagger; a +0 robe; the elf corpse of Dowan Duvessa goes berserk!
Throw: 2 large rocks
Press: ? - help, Q - select action, (/) - cycle Shift-Dir - straight line, f - Duvessa
Aim: Duvessa, wielding a +0 rapier and wearing a +0 leather armour (berserk, 64% to hit)
You throw a large rock. The large rock closely misses Duvessa.
Throw: large rock
Press: ? - help, Q - select action, (/) - cycle Shift-Dir - straight line, f/p - Duvessa
Aim: Duvessa, wielding a +0 rapier and wearing a +0 leather armour (berserk, 64% to hit)
You throw a large rock.
The large rock hits Duvessa but does no damage.
Duvessa hits you with a +0 rapier! x2
* * * LOW HITPOINT WARNING * * *
You closely miss Duvessa. Duvessa barely misses you.
You barely miss Duvessa. You claw Duvessa!
Duvessa is lightly wounded.
Duvessa hits you with a +0 rapier.
* * * LOW HITPOINT WARNING * * *
You barely miss Duvessa.
Duvessa is lightly wounded.
Duvessa hits you with a +0 rapier!
* * * LOW HITPOINT WARNING * * *
You claw Duvessa!
Duvessa is heavily wounded.
Duvessa hits you with a +0 rapier!
* * * LOW HITPOINT WARNING * * *
Duvessa hits you with a +0 rapier!!
You die... #.. #.# #.# # #.# P^P

#.## ...P
#..#P.PPP .
###........
...
#..@e(PP +
#.#...P....
#
#.##.#PPPPP
PP #.#
##P.. .P
#.#


P.PP PPP.PP #.# P.P P.... #.# P.P PPP #.# #.# #.# #.# #.# ##.## You could see
Duvessa (berserk).

Vanquished Creatures
  Grinder (D:3)
  Sigmund (D:3)
  An ice beast (D:4)
  Pargi (D:3)
  Dowan (D:5)
  A bullfrog skeleton (D:4)
  Jessica (D:3)
  A hound skeleton (D:4)
  11 gnolls
  6 adders
  2 worms (D:3)
  A dart slug (D:2)
  5 orcs (D:3)
  5 bats
  9 endoplasms
  8 goblins
  5 hobgoblins
  3 jackals (D:1)
  11 kobolds
  2 quokkas
  7 ball pythons
  2 frilled lizards
  3 rats
88 creatures vanquished.

Notes
Turn   | Place    | Note
-------+----------+-------------------------------------------
     0 | D:1      | Grim the Troll Fighter began the quest for the Orb.
     0 | D:1      | Reached XP level 1. HP: 22/22 MP: 0/0
   101 | D:1      | Found a faded altar of an unknown god.
   189 | D:1      | Reached XP level 2. HP: 21/29 MP: 1/1
   632 | D:2      | Reached skill level 3 in Unarmed Combat
   689 | D:2      | Reached XP level 3. HP: 36/36 MP: 2/2
   878 | D:2      | Reached XP level 4. HP: 41/45 MP: 3/3
  1012 | D:2      | Reached skill level 4 in Unarmed Combat
  1347 | D:3      | Found Yfemy's Antique Armour Boutique.
  1435 | D:3      | Noticed Jessica
  1438 | D:3      | Killed Jessica
  1478 | D:3      | Reached XP level 5. HP: 49/53 MP: 4/4
  1539 | D:3      | Noticed Grinder
  1548 | D:3      | Paralysed by Grinder for 4 turns
  1616 | D:3      | Paralysed by Grinder for 6 turns
  1626 | D:3      | Paralysed by Grinder for 6 turns
  1634 | D:3      | Killed Grinder
  1635 | D:3      | Reached skill level 5 in Unarmed Combat
  1635 | D:3      | Reached XP level 6. HP: 53/62 MP: 5/5
  1684 | D:3      | Noticed Sigmund
  1697 | D:3      | Killed Sigmund
  1698 | D:3      | Reached skill level 6 in Unarmed Combat
  1831 | D:3      | Noticed Pargi
  1835 | D:3      | Killed Pargi
  1836 | D:3      | Reached XP level 7. HP: 68/71 MP: 6/6
  2289 | D:3      | Found a glowing golden altar of the Shining One.
  2604 | D:4      | Reached skill level 7 in Unarmed Combat
  2609 | D:4      | Found a broken altar of Ashenzari.
  3396 | D:5      | Entered Level 5 of the Dungeon
  3521 | D:5      | Noticed Duvessa
  3602 | D:5      | Noticed Dowan
  3629 | D:5      | Killed Dowan
  3723 | D:5      | Slain by Duvessa

Illustrated notes

Levels and vault maps discovered:
D:1:      heliophobic_arrival_henge, layout_basic,
          hellmonk_ecumenical_altar_prayer_group, serial_bayou_lagoon_a
D:2:      layout_basic
D:3:      layout_loops_ring, mainiacjoe_overflow_six_doors_small, serial_shops,
          shop, guppyfry_early_orc_mine, uniq_grinder, uniq_pargi, uniq_jessica,
          uniq_sigmund
D:4:      nicolae_BIG_FREAKIN_CUBE, layout_basic, nicolae_ashenzari_skybound
D:5:      layout_loops_corners, portal_sewer_entry_c, minmay_hedge_maze,
          nrook_mini_vaults, roderic_roman_lattice, due_unseen_surprise,
          uniq_duvessa

Skill      XL: |  1  2  3  4  5  6  7 |
---------------+----------------------+-----
Unarmed Combat | 3 4 5 6 7 |  7.4
Fighting       | 3 4 |  4.9
Dodging        | |  2.4
Shields        | |  2.4
Invocations    | |  0.5

Action                   |  1- 3 |  4- 6 |  7- 9 || total
-------------------------+-------+-------+-------++-------
Melee: Unarmed           |    85 |    76 |    66 ||   227
       Punch             |       |     1 |     1 ||     2
Throw: Large rock        |       |     2 |     2 ||     4
  Use: Potion            |     1 |     1 |       ||     2
 Stab: Sleeping          |     2 |     1 |       ||     3
Armor: Robe              |    22 |    28 |    14 ||    64
Dodge: Dodged            |    49 |    46 |    24 ||   119

Table legend: (Time is in decaauts)
 A = Elapsed time spent in this place.
 B = Non-inter-level travel time spent in this place.
 C = Inter-level travel time spent in this place.
 D = Time resting spent in this place.
 E = Time spent auto-exploring this place.
 F = Levels seen in this place.
 G = Mean time per level.
                   A        B        C        D        E       F      G
               +--------+--------+--------+--------+--------+-----+--------+
         Total |   3711 |   3581 |    130 |    543 |   2355 |   5 |  742.2 |
       Dungeon |   3711 |   3581 |    130 |    543 |   2355 |   5 |  742.2 |
               +--------+--------+--------+--------+--------+-----+--------+

Top non-repeatable levels by time:
     D:3: 1184 daAuts
     D:4: 854 daAuts
     D:2: 712 daAuts
     D:1: 633 daAuts
     D:5: 326 daAuts
